 Dungeon Crawl Stone Soup version 0.17-a0-1403-g9df874c (webtiles) character file.

420 bal the Skirmisher (level 6, -12/48 HPs)
             Began as a Demonspawn Abyssal Knight on June 20, 2015.
             Was a Priest of Lugonu.
             Killed by divine providence
             ... invoked by an orc priest
              (14 damage)
             ... on level 4 of the Dungeon.
             The game lasted 00:12:57 (3679 turns).

bal the Skirmisher (Demonspawn Abyssal Knight)      Turns: 3679, Time: 00:12:57

Health: -12/48     AC:  7    Str: 19    XL:     6   Next: 62%
Magic:  4/8        EV: 20    Int: 13    God:    Lugonu [***...]
Gold:   131        SH:  0    Dex: 18    Spells: 0 memorised, 5 levels left

rFire  . . .     SeeInvis .     x - -3 war axe (curse)
rCold  . . .     Clarity  .     g - +0 ring mail
rNeg   . . .     SustAt   .     (no shield)
rPois  .         Gourm    .     (no helmet)
rElec  .         Spirit   .     (no cloak)
rCorr  .         Warding  .     o - +1 pair of gloves
rMut   .         Stasis   .     (no boots)
MR     .....                    (no amulet)
Stlth  ++........               (no ring)
                                (no ring)

@: mighty, agile, not resistant to hostile enchantments, unstealthy
A: repulsion field 1, powered by pain 1, spiny 1
a: Depart the Abyss, Bend Space, Banish, Renounce Religion


You were on level 4 of the Dungeon.
You worshipped Lugonu.
Lugonu was most pleased with you.
You were not hungry.

You visited 1 branch of the dungeon, and saw 4 of its levels.
You visited the Abyss 1 time.

You collected 131 gold pieces.

Inventory:

Hand weapons
 a - a +2 hand axe
 q - a +0 hunting sling
 r - a +2 dagger of venom
 x - a cursed -3 war axe (weapon)
Missiles
 m - 14 sling bullets
 n - 10 silver sling bullets
Armour
 g - a +0 ring mail (worn)
 o - a +1 pair of gloves (worn)
Jewellery
 p - an uncursed ring of fire
Magical devices
 t - a wand of magic darts (28)
Scrolls
 d - a scroll of teleportation
 l - 4 scrolls of identify
 s - a scroll of fear
Potions
 i - 3 potions of flight
 w - a potion of haste
Comestibles
 c - 2 bread rations
 f - 3 meat rations
 k - 2 slices of pizza
 v - 3 beef jerkies


   Skills:
 + Level 4.3 Fighting
 + Level 3.4 Axes
 + Level 2.9 Armour
 + Level 3.5 Dodging
 + Level 1.0 Stealth
 + Level 3.1 Invocations


You had 5 spell levels left.
You didn't know any spells.

Dungeon Overview and Level Annotations

Branches:
Dungeon (4/15)             Temple (0/1) D:4

Altars:
Ashenzari
Cheibriados
Gozag
Makhleb
Okawaru
Qazlal
Ru
Yredelemnul
Zin


Innate Abilities, Weirdness & Mutations

You are surrounded by a mild repulsion field (EV +2).
You sometimes gain a little power by taking damage.
You are partially covered in sharp spines.


Message History

You resist with some effort.
The orc wizard points at you and mumbles some strange words.
The magic dart hits you!
* * * LOW HITPOINT WARNING * * *
Drink which item? (? for menu, Esc to quit)
You feel very mighty all of a sudden.
The orc wizard mumbles some strange words.
The orc wizard blinks!
You closely miss the orc. The orc is struck by your spines.
You kill the orc!
Lugonu accepts your kill.
You completely miss the orc wizard.
The orc wizard is almost dead.
The orc wizard hits you but does no damage.
The orc wizard is struck by your spines.
You kill the orc wizard!
Lugonu accepts your kill.
The orc priest invokes the aid of Beogh against you.
Something smites you!
You die...

#.# #.........###.# 8.
#.###.............# ..
#########.##.....#.#..###.#_.)
#..................#..# #.##..
#.#######.##..........# #.##8.
#.# ####.###.#....##.# #.##..
#.# #....# #)#o#####.# #.#_..
#># #.#### #)#o# #.# #.##..
#.# #.# #@#.# #.# #.# 8. #.#
#.# #ยง#.#####.# #># ## #.#
#.# #.).......# ## #.# #.#
###o####### # #.####.## #.# #
#.......# #.# # ######..# #.#
# #..# #.# # #..#######.# #


You could see an orc priest.

Vanquished Creatures
  A scorpion (D:4)
  An iguana (D:4)
  A hound (D:4)
  An orc wizard (D:4)
  2 worker ants (D:4)
  3 gnolls (D:2)
  Robin (D:2)
  6 adders
  2 oozes
  3 worms
  5 giant geckos
  7 orcs
  13 bats
  7 giant cockroaches
  20 goblins
  12 hobgoblins
  3 jackals (D:2)
  A quokka (D:3)
  3 ball pythons
  7 giant newts
  4 kobolds
  A quokka skeleton (D:4)
  10 rats
114 creatures vanquished.

Vanquished Creatures (others)
  An orc priest (D:4)
1 creature vanquished.

Grand Total: 115 creatures vanquished

Notes
Turn   | Place    | Note
--------------------------------------------------------------
     0 | Abyss:1  | bal the Demonspawn Abyssal Knight began the quest for the Orb.
     0 | Abyss:1  | Reached XP level 1. HP: 18/18 MP: 2/2
    42 | Abyss:1  | Noticed a red draconian
    42 | D:1      | Escaped the Abyss
    84 | D:1      | Reached skill level 1 in Dodging
   353 | D:1      | Gained mutation: You are surrounded by a mild repulsion field (EV +2). [demonic ancestry]
   353 | D:1      | Reached XP level 2. HP: 18/24 MP: 4/4
   373 | D:1      | Acquired Lugonu's first power
  1103 | D:2      | Gained mutation: You sometimes gain a little power by taking damage. [demonic ancestry]
  1103 | D:2      | Reached XP level 3. HP: 7/29 MP: 5/5
  1367 | D:2      | Found a glowing silver altar of Zin.
  1368 | D:2      | Found a snail-covered altar of Cheibriados.
  1432 | D:2      | Gained mutation: You are partially covered in sharp spines. [demonic ancestry]
  1432 | D:2      | Reached XP level 4. HP: 6/35 MP: 6/6
  1983 | D:2      | Acquired Lugonu's second power
  2126 | D:2      | Noticed Robin
  2127 | D:2      | Reached XP level 5. HP: 40/42 MP: 7/7
  2137 | D:2      | Killed Robin
  2588 | D:3      | Found a basalt altar of Yredelemnul.
  2725 | D:3      | Found an opulent altar of Gozag.
  2793 | D:3      | Acquired Lugonu's third power
  3119 | D:4      | Reached skill level 4 in Fighting
  3119 | D:4      | Reached skill level 1 in Stealth
  3124 | D:4      | Reached XP level 6. HP: 35/48 MP: 8/8
  3125 | D:4      | Found a burning altar of Makhleb.
  3217 | D:4      | Found a stormy altar of Qazlal.
  3218 | D:4      | Found an iron altar of Okawaru.
  3360 | D:4      | Found a sacrificial altar of Ru.
  3360 | D:4      | Found a shattered altar of Ashenzari.
  3506 | D:4      | Found a staircase to the Ecumenical Temple.
  3675 | D:4      | HP: 1/48 [orc wizard/magic dart (5)]
  3679 | D:4      | Killed from afar by an orc priest

Vault maps used:
D:1:      minmay_arrival_jagged
D:2:      kennysheep_goblin_castle, gammafunk_temple_overflow_pools, first_bread
D:3:      nicolae_gozag_seed_capital, lemuel_crystal_altar,
          minmay_misc_feat_room
D:4:      nicolae_overflow_hidden_temple, minmay_temple_entry_mist,
          makhleb_heckhound_becter

Action                   |  1- 3 |  4- 6 || total
-------------------------+-------+-------++-------
Melee: Hand axe          |   130 |    66 ||   196
       War axe           |       |    44 ||    44
Invok: Depart the Abyss  |     1 |       ||     1
       Bend Space        |       |     1 ||     1
       Banish            |       |     1 ||     1
  Use: Potion            |       |     5 ||     5
       Scroll            |       |     7 ||     7
 Stab: Distracted        |       |     1 ||     1
  Eat: Meat ration       |     1 |     1 ||     2
